Map: Disco Bloodbath LE

Players

AWEnix - Winner!

  • Race: Zerg Zerg
  • League: Diamond
  • Spawn Location: 9:00

Alken

  • Race: Protoss Protoss
  • League: Diamond
  • Spawn Location: 3:00

VOD

Have the link to the VOD?

Description

Time

  • Played on: Nov. 25, 2019, 10:44 p.m.
  • Length: 31:46
Show
View Real Time Build Order
Export as new Build Order

AWEnix Zerg - Winner!

Build Orders: Pool First, Lurkers 

Get SALT Encoding   

  12  0:02  Drone  
  13  0:13  Drone  
  14  0:19  Overlord  
  14  0:34  Extractor x2, Drone x2  
  15  0:38  Drone  
  17  0:47  Drone  
  18  0:53  Spawning Pool  
  18  0:57  Drone  
  18  1:07  Drone  
  19  1:17  Drone  
  20  1:28  Drone  
  21  1:35  Extractor  
  21  1:37  Evolution Chamber  
  19  1:46  Queen  
  22  1:48  Overlord  
  22  1:50  Extractor  
  22  1:53  Hatchery  
  20  1:55  Drone  
  21  2:03  Drone  
  22  2:12  Drone  
  23  2:22  Zergling x2  
  24  2:26  Lair  
  24  2:33  Drone  
  25  2:43  Drone  
  26  2:57  Overlord  
  26  2:58  Overlord  
  26  3:04  Hatchery  
  25  3:08  Pneumatized Carapace  
  25  3:09  Drone  
  26  3:14  Drone  
  26  3:16  Drone  
  28  3:26  Drone  
  28  3:27  Drone x2  
  31  3:28  Drone  
  32  3:34  Burrow  
  32  3:42  Metabolic Boost  
  32  3:51  Hydralisk Den  
  32  3:53  Drone  
  32  3:54  Drone x2  
  34  4:00  Drone x2  
  36  4:06  Overlord  
  36  4:15  Overseer  
  36  4:23  Drone x4  
  40  4:25  Lurker Den  
  38  4:43  Extractor  
  35  4:46  Extractor  
  35  4:47  Drone  
  35  4:48  Drone x7  
  42  5:01  Spore Crawler  
  42  5:02  Spore Crawler  
  42  5:04  Spore Crawler, Drone, Hydralisk x2  
  44  5:17  Zergling x2, Hydralisk  
  44  5:18  Zergling x2  
  48  5:26  Zergling x4  
  50  5:45  Drone  
  50  5:46  Drone x4  
  55  6:02  Spore Crawler  
  54  6:11  Lurker x3  
  57  6:13  Drone  
  57  6:16  Overlord x4  
  57  6:17  Overlord  
  58  6:42  Drone x4  
  58  6:43  Drone x5  
  67  6:57  Spore Crawler  
  67  6:59  Spore Crawler  
  67  7:01  Spore Crawler, Zergling x2, Drone x2  
  67  7:02  Overseer  
  67  7:22  Hatchery  
  66  7:31  Zergling x6, Spore Crawler, Spine Crawler, Hydralisk x3  
  66  7:32  Spore Crawler  
  66  7:33  Spore Crawler  
  66  7:34  Spine Crawler  
  66  7:35  Spine Crawler  
  69  7:44  Nydus Network  
  69  7:46  Overlord x2  
  69  7:47  Overlord  
  68  8:04  Spire  
  68  8:05  Overlord  
  67  8:17  Infestation Pit  
  66  8:24  Drone x2  
  66  8:25  Nydus Network, Drone x8  
  74  8:45  Drone x2  
  74  8:46  Queen  
  78  8:49  Queen  
  80  8:56  Hive  
  77  9:08  Lurker x3  
  80  9:18  Nydus Canal  
  80  9:20  Nydus Canal  
  80  9:21  Drone x2  
  80  9:22  Drone  
  83  9:31  Spine Crawler  
  83  9:32  Spine Crawler  
  83  9:33  Nydus Canal, Spore Crawler  
  83  9:34  Spine Crawler x2  
  83  9:35  Spore Crawler  
  77  9:59  Drone x3  
  80  10:01  Extractor  
  80  10:02  Extractor  
  80  10:03  Overseer  
  78  10:09  Hydralisk x4  
  78  10:10  Hydralisk x2  
  78  10:12  Greater Spire  
  90  10:18  Drone  
  91  10:36  Queen  
  91  10:40  Lurker  
  91  10:41  Lurker x5  
  99  10:46  Overseer  
  99  10:48  Overlord x4  
  99  10:49  Overlord x4  
  99  11:03  Evolution Chamber  
  98  11:04  Evolution Chamber  
  98  11:05  Evolution Chamber  
  96  11:23  Corruptor x4  
  104  11:26  Drone  
  105  12:05  Brood Lord x4  
  113  12:08  Viper x3  
  113  12:09  Viper  
  113  12:11  Drone  
  126  12:17  Overseer  
  126  12:24  Drone x2  
  126  12:25  Drone x3  
  131  12:45  Overlord x3  
  131  12:48  Drone x2  
  131  12:49  Drone x3  
  135  13:44  Nydus Canal  
  135  13:56  Nydus Canal  
  135  14:01  Nydus Canal  
  135  14:08  Zerg Melee Weapons Level 1, Zerg Missile Weapons Level 1  
  135  14:20  Neural Parasite  
  135  14:22  Adrenal Glands, Adaptive Talons  
  135  14:24  Hatchery, Zerg Flyer Armor Level 1  
  135  14:31  Hatchery, Evolution Chamber  
  133  14:32  Hatchery, Evolution Chamber  
  133  14:34  Evolution Chamber  
  129  14:40  Nydus Canal  
  129  14:54  Nydus Canal  
  129  14:57  Nydus Canal  
  126  15:07  Nydus Network  
  122  15:18  Hydralisk x5  
  120  15:25  Hydralisk x2  
  120  15:26  Hydralisk x3  
  124  15:35  Overseer  
  124  15:37  Drone  
  124  15:38  Drone x5  
  124  15:39  Drone x2  
  132  15:57  Lurker  
  132  15:58  Lurker x9  
  132  16:02  Hatchery x2  
  140  16:04  Hatchery  
  140  16:05  Hatchery  
  140  16:10  Zerg Melee Weapons Level 2, Zerg Missile Weapons Level 2  
  138  16:18  Nydus Canal, Zerg Flyer Weapons Level 1  
  138  16:22  Nydus Canal  
  138  16:39  Nydus Canal  
  137  16:52  Corruptor x4  
  137  16:53  Corruptor x4  
  153  17:00  Overseer  
  153  17:02  Queen  
  155  17:16  Nydus Canal  
  155  17:25  Extractor  
  155  17:29  Extractor  
  153  18:23  Spore Crawler  
  153  18:24  Spore Crawler  
  153  18:25  Spore Crawler  
  153  18:26  Spine Crawler  
  149  18:27  Spine Crawler  
  149  18:28  Spore Crawler  
  149  18:29  Spore Crawler  
  149  18:30  Spine Crawler  
  145  18:43  Nydus Canal  
  145  18:46  Extractor, Zergling x10  
  145  18:47  Zergling x2  
  150  18:49  Hatchery  
  150  18:55  Zerg Ground Armor Level 1, Zerg Melee Weapons Level 3, Zerg Missile Weapons Level 3  
  149  19:01  Overseer, Ultralisk Cavern  
  148  19:03  Zergling x6  
  148  19:04  Extractor, Zergling x6  
  153  19:14  Queen  
  153  19:15  Queen  
  157  19:20  Spore Crawler  
  157  19:21  Spore Crawler x2  
  157  19:22  Spore Crawler  
  157  19:23  Spore Crawler  
  157  19:24  Overseer  
  152  19:28  Overseer  
  152  19:35  Overseer  
  152  19:36  Overseer x5, Spire  
  150  20:15  Drone  
  150  20:16  Drone x5, Overlord x5  
  156  20:29  Pathogen Glands  
  156  20:38  Evolution Chamber  
  156  20:42  Evolution Chamber  
  150  20:53  Drone  
  150  20:54  Drone x7  
  158  21:00  Zerg Flyer Weapons Level 2  
  158  21:13  Overseer  
  158  21:21  Spore Crawler  
  158  21:22  Spore Crawler  
  158  21:23  Spore Crawler  
  158  21:25  Spore Crawler  
  153  21:35  Overseer x3  
  153  21:36  Overseer x2  
  153  21:47  Zerg Flyer Armor Level 2  
  153  21:51  Zerg Ground Armor Level 2  
  153  22:05  Corruptor x2  
  153  22:06  Corruptor x2  
  161  22:13  Spine Crawler  
  160  22:37  Viper x2  
  160  22:43  Drone, Spine Crawler  
  160  22:44  Drone x2  
  168  22:46  Spine Crawler  
  168  22:47  Spine Crawler  
  166  22:59  Overseer  
  162  23:25  Zerg Flyer Weapons Level 3  
  162  23:26  Chitinous Plating  
  162  24:01  Zergling x2  
  162  24:02  Zergling x16, Overlord x3  
  171  24:03  Zergling x12, Overlord x4  
  177  24:10  Nydus Canal  
  177  24:12  Nydus Canal  
  177  24:22  Nydus Canal  
  173  24:45  Anabolic Synthesis  
  173  24:49  Nydus Canal  
  173  24:52  Nydus Canal  
  172  24:55  Nydus Canal  
  170  26:11  Nydus Canal  
  170  26:18  Overseer  
  170  26:24  Nydus Canal  
  169  26:26  Nydus Canal  
  157  27:44  Infestor x2  
  157  27:45  Infestor x14  
  189  28:12  Zerg Flyer Armor Level 3  
  189  28:15  Overseer  
  189  28:17  Overseer  
  189  28:42  Nydus Canal  
  144  29:27  Corruptor  
  144  29:28  Corruptor x6  
  152  29:31  Zergling x2  
  152  29:32  Zergling x44  
  152  29:33  Zergling x30  
  182  29:56  Infestor x15  
  181  30:42  Infestor x8  
  180  30:43  Infestor x8  
  180  31:00  Nydus Canal  
  180  31:01  Nydus Canal  
  180  31:02  Nydus Canal  
  177  31:21  Nydus Canal x2  
  177  31:22  Nydus Canal  
Show
View Real Time Build Order
Export as new Build Order

Alken Protoss 

Build Orders:  

Get SALT Encoding   

  12  0:00  Probe  
  13  0:12  Probe  
  14  0:19  Pylon  
  14  0:25  Probe (Chrono Boost)  
  15  0:38  Probe (Chrono Boost)  
  15  0:40  Gateway  
  16  0:46  Probe (Chrono Boost)  
  16  0:47  Assimilator  
  17  0:53  Probe  
  18  1:05  Probe  
  19  1:17  Probe  
  20  1:28  Pylon, Gateway  
  20  1:34  Cybernetics Core  
  20  1:40  Zealot  
  20  1:46  Pylon  
  21  1:52  Probe (Chrono Boost)  
  22  1:56  Assimilator  
  22  2:04  Probe (Chrono Boost)  
  23  2:09  Probe (Chrono Boost)  
  23  2:14  Stalker  
  23  2:15  Stalker  
  28  2:19  Probe (Chrono Boost)  
  30  2:31  Probe (Chrono Boost)  
  30  2:35  Robotics Facility  
  30  2:39  Probe (Chrono Boost)  
  30  2:40  Pylon  
  31  2:50  Stalker  
  33  2:51  Adept  
  35  3:04  Pylon  
  35  3:19  Nexus  
  35  3:43  Warp Prism (Chrono Boost)  
  35  3:48  Warp Gate, Sentry x2  
  41  3:51  Probe  
  42  4:03  Probe  
  42  4:05  Pylon  
  43  4:47  Stalker (Chrono Boost)  
  43  4:48  Immortal (Chrono Boost)  
  51  4:56  Stalker (Chrono Boost)  
  51  5:03  Probe  
  51  5:05  Probe  
  53  5:15  Probe  
  53  5:20  Probe  
  55  5:21  Immortal (Chrono Boost)  
  55  5:27  Probe  
  60  5:30  Pylon  
  60  5:32  Gateway  
  60  5:34  Gateway  
  60  5:40  Probe x2  
  60  5:42  Robotics Bay  
  60  5:46  Stalker  
  60  5:47  Sentry  
  64  5:52  Probe  
  66  5:57  Observer (Chrono Boost)  
  66  6:04  Assimilator, Probe x2  
  66  6:08  Assimilator  
  68  6:20  Probe x2  
  70  6:36  Stalker x4  
  78  6:41  Gateway  
  78  6:43  Gateway  
  78  6:51  Pylon  
  78  6:53  Pylon  
  78  6:55  Pylon  
  78  7:06  Colossus (Chrono Boost)  
  78  7:09  Probe x2  
  86  7:24  Probe x2  
  86  7:25  Extended Thermal Lance (Chrono Boost)  
  88  7:31  Zealot x4  
  96  7:40  Pylon  
  96  7:42  Pylon  
  96  7:43  Pylon  
  96  7:56  Colossus (Chrono Boost)  
  102  8:11  Stalker x3  
  102  8:12  Sentry  
  110  8:13  Stalker x2  
  114  8:38  Zealot x4  
  122  8:50  Pylon  
  122  8:52  Pylon  
  122  8:53  Pylon  
  122  8:56  Pylon  
  122  9:08  Colossus  
  128  9:28  Stalker x6  
  126  9:51  Stalker x2  
  120  10:06  Observer (Chrono Boost)  
  115  11:04  Nexus  
  115  11:10  Twilight Council  
  115  11:28  Sentry x5  
  125  11:53  Zealot x4  
  131  12:22  Charge (Chrono Boost)  
  131  13:08  Observer (Chrono Boost)  
  124  13:31  Observer (Chrono Boost)  
  125  13:41  Nexus  
  125  13:49  Blink (Chrono Boost)  
  124  14:38  Nexus  
  124  14:40  Nexus  
  124  14:48  Zealot x6  
  135  15:17  Probe  
  108  15:29  Probe  
  109  15:46  Stalker x4  
  117  15:56  Immortal (Chrono Boost), Stalker  
  119  15:57  Stalker  
  119  15:58  Stargate  
  119  16:00  Stargate  
  125  16:22  Zealot  
  125  16:23  Stalker x2, Zealot  
  125  16:24  Stalker x2  
  137  16:54  Stalker x6  
  139  16:58  Void Ray (Chrono Boost)  
  153  17:11  Probe x2  
  153  17:23  Probe  
  150  17:36  Void Ray (Chrono Boost)  
  144  17:49  Probe x3  
  145  18:02  Nexus  
  145  18:08  Void Ray (Chrono Boost)  
  153  18:16  Void Ray (Chrono Boost)  
  153  18:17  Probe x2 (Chrono Boost)  
  156  18:22  Pylon  
  156  18:23  Probe (Chrono Boost)  
  158  18:27  Probe x2 (Chrono Boost)  
  158  18:38  Probe  
  158  18:39  Probe x2  
  161  18:47  Forge  
  159  18:50  Probe  
  159  18:51  Probe  
  159  18:56  Assimilator  
  159  18:59  Assimilator  
  159  19:16  Void Ray x2 (Chrono Boost)  
  159  19:22  Protoss Shields Level 1  
  167  19:39  Probe (Chrono Boost)  
  167  19:42  Assimilator, Probe (Chrono Boost)  
  167  19:43  Probe x2 (Chrono Boost)  
  171  19:47  Assimilator  
  169  19:57  Probe  
  169  19:59  Probe  
  171  20:03  Protoss Air Weapons Level 1 (Chrono Boost)  
  169  20:18  Photon Cannon  
  169  20:19  Probe (Chrono Boost)  
  169  20:20  Probe x3 (Chrono Boost)  
  173  20:27  Probe (Chrono Boost)  
  173  20:28  Void Ray  
  178  20:34  Probe x2  
  180  20:37  Pylon  
  180  20:38  Probe x2  
  182  20:48  Fleet Beacon  
  182  20:58  Probe (Chrono Boost)  
  182  21:02  Templar Archives  
  182  21:03  Probe (Chrono Boost)  
  182  21:04  Probe (Chrono Boost)  
  185  21:08  Probe x2 (Chrono Boost)  
  187  21:22  Void Ray x2 (Chrono Boost)  
  195  21:32  Probe  
  196  21:33  Stargate  
  196  21:50  Psionic Storm  
  196  21:53  Nexus  
  196  22:23  Stargate  
  196  22:24  Stargate  
  196  22:27  Stargate  
  196  23:04  Probe x3  
  199  23:06  Protoss Shields Level 2 (Chrono Boost)  
  191  23:16  Carrier x2  
  197  23:25  Assimilator  
  197  23:27  Pylon  
  197  23:31  Assimilator  
  197  23:33  Protoss Air Weapons Level 2 (Chrono Boost)  
  197  23:54  Cybernetics Core  
  197  24:03  High Templar  
  191  24:45  Carrier x2  
  191  24:46  Carrier  
  197  24:57  Probe x2  
  193  25:55  Nexus  
  193  25:58  Tempest  
  194  26:17  Zealot x3  
  180  26:49  Tempest x4  
  186  27:45  Photon Cannon  
  186  27:47  Photon Cannon  
  186  27:51  Pylon  
  185  28:36  Observer  
  181  28:57  Observer  
  178  29:13  Zealot x2  
  178  29:14  Zealot  
  178  29:15  Zealot x2, Carrier  
  168  29:17  Carrier  
  109  29:36  Zealot x3  
  109  29:37  Zealot x3  
  121  29:45  Nexus  
Tags
 
Composition
Lurkers
Matchup
PvZ
Opening
Pool First
Spawn Locations
Cross Positions
Add a new tag
Caveats
  • Supply blocks, unpowered buildings, or Contaminate may cause inaccurate times.
  • Supply counts are checked every 10 seconds.